 Dungeon Crawl Stone Soup version 0.18-a0-1006-g6b5bfb2 (console) character file.

1887 FIQ the Skirmisher (level 8, -12/65 HPs)
             Began as a Demonspawn Wanderer on Jan 6, 2016.
             Was an Initiate of Gozag.
             Mangled by an orc warrior
             ... wielding a +0 trident
              (17 damage)
             ... on level 7 of the Dungeon.
             The game lasted 00:28:01 (6271 turns).

FIQ the Skirmisher (Demonspawn Wanderer)            Turns: 6271, Time: 00:28:01

Health: -12/65     AC: 15    Str: 11    XL:     8   Next: 92%
Magic:  0/9        EV: 12    Int: 22    God:    Gozag
Gold:   129        SH:  0    Dex: 13    Spells: 0 memorised, 9 levels left

rFire  . . .     SeeInvis .     a - +2 mace
rCold  . . .     Gourm    .     n - +2 leather armour {MR+}
rNeg   . . .     Faith    .     (no shield)
rPois  .         Spirit   +     (helmet restricted)
rElec  .         Dismiss  +     s - +1 cloak
rCorr  .         Reflect  .     u - +2 pair of gloves
SustAt .         Harm     .     o - +2 pair of boots
MR     +....                    l - amulet of dismissal
Stlth  +.........               (no ring)
                                r - +2 ring of evasion

@: brilliant, somewhat resistant to hostile enchantments, very unstealthy
A: horns 1, demonic guardian 2, shaggy fur 1, magic shield
a: Potion Petition, Call Merchant, Bribe Branch, Renounce Religion


You were on level 7 of the Dungeon.
You worshipped Gozag.
Gozag was noncommittal.
You were not hungry.

You visited 1 branch of the dungeon, and saw 7 of its levels.

You collected 1033 gold pieces.
You spent 434 gold pieces at shops.
You paid 470 gold pieces to Gozag.

Inventory:

Hand Weapons
 a - a +2 mace (weapon)
Armour
 n - a +2 leather armour of magic resistance (worn)
 o - a +2 pair of boots (worn)
 s - a +1 cloak (worn)
 u - a +2 pair of gloves (worn)
Jewellery
 l - an amulet of dismissal (around neck)
 r - a +2 ring of evasion (left hand)
Wands
 b - a wand of flame (9/48)
 c - a wand of random effects (31/48)
 k - a wand of frost (28/48)
Scrolls
 f - 5 scrolls of remove curse
 g - a scroll of noise {unknown}
 h - 5 scrolls of magic mapping
 i - a scroll of fear
 j - 3 scrolls of blinking
 p - 4 scrolls of identify
 q - a scroll of teleportation
 w - 2 scrolls of random uselessness
Potions
 e - a potion of resistance
 m - 4 potions of magic
 A - a potion of might
Comestibles
 d - 9 bread rations
 t - 2 meat rations
 v - 2 royal jellies
 x - 3 slices of pizza
 z - 9 beef jerkies


   Skills:
 + Level 6.8 Fighting
 + Level 6.7 Maces & Flails
 - Level 1.0 Throwing
 + Level 6.0 Armour
 - Level 1.0 Spellcasting
   Level 2.0 Poison Magic
 - Level 1.0 Evocations


You had 9 spell levels left.
You didn't know any spells.

Dungeon Overview and Level Annotations

Branches:
Dungeon (7/15)             Temple (0/1) D:4

Altars:
Ashenzari
Fedhas
Gozag
Makhleb
Okawaru
Ru
Vehumet
Xom
Yredelemnul
Zin

Shops:
D:6 %   D:7 [[


Innate Abilities, Weirdness & Mutations

You have a pair of small horns on your head.
A demonic guardian rushes to your aid.
When hurt, damage is shared between your health and your magic reserves.
You are covered in fur (AC +1).


Message History

The orc priest hits your soul eater but does no damage.
The orc warrior hits you but does no damage.
Your soul eater hits the orc priest.
Your soul eater disappears in a puff of smoke!
The orc warrior misses you.
You hit the orc priest.
The orc priest is severely wounded.
The orc priest calls down the wrath of Beogh upon you.
Something smites you!
* * * LOW HITPOINT WARNING * * *
The orc warrior hits you from afar with a trident.
* * * LOW HITPOINT WARNING * * *
Drink which item? (? for menu, Esc to quit)
It was a potion of brilliance.
You feel clever all of a sudden.
The orc priest hits you but does no damage.
The orc hits you but does no damage.
The orc warrior hits you from afar with a trident!!
You die...
Your body crumbles into a pile of gold.

.. .. ### #.#
## .. #$# #
#.###.# .
#.....# .
####.....# .
.......o.# #
#..ooo#
#...@.#
#.....#
#####.# #####
#.# ....# #.#
###.# #.#
###.######
#.#
..#......#
#.#
.>..######
#.#
#.#########
#.#
...###..รทรท#
#.#


You could see an orc warrior, an orc priest and 2 orcs.

Vanquished Creatures
  Menkaure (D:7)
  An ogre (D:7)
  A phantom (D:5)
  2 giant frogs (D:6)
  3 crimson imps
  An orc priest (D:5)
  4 hounds
  An orc wizard (D:7)
  An iguana (D:5)
  6 worker ants
  4 gnolls (D:4)
  6 adders
  2 shadow imps
  2 worms
  6 giant geckos
  7 orcs
  2 ball pythons (D:1)
  6 bats
  7 giant cockroaches
  8 goblins
  9 hobgoblins
  19 jackals
  2 quokkas (D:3)
  2 giant gecko skeletons
  5 giant newts
  7 kobolds
  9 rats
124 creatures vanquished.

Vanquished Creatures (collateral kills)
  Prince Ribbit (D:6)
  A golden eye (D:7)
  A hungry ghost (D:4)
  Duvessa (D:5)
  A water moccasin (D:7)
  A sky beast (D:5)
  A black bear (D:4)
  An orc warrior (D:6)
  An ogre (D:6)
  A centaur (D:3)
  Dowan (D:5)
  5 wights (D:6)
  An orc wizard (D:5)
  A worker ant (D:6)
  2 hound zombies (D:6)
  3 orcs (D:6)
23 creatures vanquished.

Grand Total: 147 creatures vanquished

Notes
Turn   | Place    | Note
--------------------------------------------------------------
     0 | D:1      | FIQ the Demonspawn Wanderer began the quest for the Orb.
     0 | D:1      | FIQ set off with: a +2 mace, a +0 ring mail, a wand of random effects (15/48), a bread ration
     0 | D:1      | Reached XP level 1. HP: 15/15 MP: 2/2
   164 | D:1      | Gained mutation: A weak demonic guardian rushes to your aid. [demonic ancestry]
   164 | D:1      | Reached XP level 2. HP: 14/21 MP: 3/3
   680 | D:1      | Gained mutation: When hurt, damage is shared between your health and your magic reserves. [demonic ancestry]
   680 | D:1      | Reached XP level 3. HP: 23/27 MP: 4/4
  1028 | D:2      | Reached skill level 3 in Maces & Flails
  1048 | D:2      | Found a shimmering altar of Xom.
  1224 | D:2      | Found an opulent altar of Gozag.
  1277 | D:2      | Became a worshipper of Gozag Ym Sagoz the Greedy
  1346 | D:2      | Gained mutation: You have a pair of small horns on your head. [demonic ancestry]
  1346 | D:2      | Reached XP level 4. HP: 23/34 MP: 5/5
  1469 | D:2      | Gained mutation: You are frail (-10% HP). [potion of mutation]
  1469 | D:2      | Gained mutation: Your body sometimes deteriorates upon taking damage. [potion of mutation]
  1469 | D:2      | Gained mutation: You are covered in fur (AC +1). [potion of mutation]
  1839 | D:3      | Found a blossoming altar of Fedhas.
  1842 | D:3      | Found a basalt altar of Yredelemnul.
  1844 | D:3      | Found a shattered altar of Ashenzari.
  1887 | D:3      | Noticed a centaur
  2088 | D:3      | Found a sacrificial altar of Ru.
  2680 | D:3      | Found a burning altar of Makhleb.
  2682 | D:3      | Gained mutation: A demonic guardian rushes to your aid. [demonic ancestry]
  2682 | D:3      | Reached XP level 5. HP: 34/36 MP: 6/6
  2915 | D:3      | Killed a centaur
  3205 | D:4      | Noticed a hungry ghost
  3215 | D:4      | Killed a hungry ghost
  3215 | D:4      | Reached skill level 4 in Maces & Flails
  3215 | D:4      | Reached XP level 6. HP: 30/43 MP: 7/7
  3281 | D:4      | Found a staircase to the Ecumenical Temple.
  3523 | D:4      | Found a glowing silver altar of Zin.
  3870 | D:4      | Reached XP level 7. HP: 42/49 MP: 6/8
  3927 | D:5      | Entered Level 5 of the Dungeon
  3951 | D:5      | Found an iron altar of Okawaru.
  4688 | D:5      | Reached skill level 5 in Maces & Flails
  4789 | D:5      | Noticed Dowan
  4792 | D:5      | Noticed Duvessa
  4793 | D:5      | Killed Dowan
  4798 | D:5      | Killed Duvessa
  4798 | D:5      | Reached skill level 5 in Fighting
  5137 | D:6      | Lost mutation: Your body sometimes deteriorates upon taking damage. [potion of cure mutation]
  5137 | D:6      | Lost mutation: You are frail (-10% HP). [potion of cure mutation]
  5142 | D:6      | Reached XP level 8. HP: 39/63 MP: 5/9
  5185 | D:6      | Noticed Prince Ribbit
  5187 | D:6      | Reached skill level 5 in Armour
  5193 | D:6      | Killed Prince Ribbit
  5567 | D:6      | Reached skill level 6 in Fighting
  5896 | D:6      | Bought a bread ration for 70 gold pieces
  5896 | D:6      | Bought a meat ration for 70 gold pieces
  5896 | D:6      | Bought a bread ration for 70 gold pieces
  5896 | D:6      | Bought a slice of pizza for 21 gold pieces
  5896 | D:6      | Bought a royal jelly for 28 gold pieces
  5896 | D:6      | Bought a bread ration for 70 gold pieces
  5896 | D:6      | Bought a slice of pizza for 21 gold pieces
  5896 | D:6      | Bought a beef jerky for 21 gold pieces
  5896 | D:6      | Bought a beef jerky for 21 gold pieces
  5896 | D:6      | Bought a beef jerky for 21 gold pieces
  5896 | D:6      | Bought a slice of pizza for 21 gold pieces
  5927 | D:7      | Found Wibb's Armour Emporium.
  5977 | D:7      | Found a radiant altar of Vehumet.
  5979 | D:7      | Noticed Menkaure
  5988 | D:7      | Killed Menkaure
  6004 | D:7      | Found Ympoluc's Antique Armour Emporium.
  6116 | D:7      | Noticed Joseph
  6120 | D:7      | Noticed Joseph
  6120 | D:7      | Joseph changed into Joseph the golden eye
  6140 | D:7      | Killed Joseph the golden eye
  6271 | D:7      | Mangled by an orc warrior

Vault maps used:
D:1:      dpeg_cavernosity
D:2:      lemuel_doored_altar, grunt_gozag_breadcrumbs, feat_on_display
D:3:      lemuel_upstairs_altar, makhleb_blood_cavern_becter,
          lemuel_crystal_altar, grunt_temple_overflow_open
D:4:      black_bear_nest_1, lemuel_round_altar, minmay_temple_entry_grid,
          first_bread
D:5:      nicolae_overflow_crystal_walls, uniq_duvessa
D:6:      uniq_prince_ribbit1
D:7:      old_standard_altar, serial_shops, shop, shop, kennysheep_little_box,
          grunt_ogre_cave, uniq_menkaure, uniq_crazy_yiuf_cottage, uniq_joseph

Action                   |  1- 3 |  4- 6 |  7- 9 || total
-------------------------+-------+-------+-------++-------
Melee: Mace              |   130 |   160 |   297 ||   587
Invok: Potion Petition   |       |       |     1 ||     1
       Call Merchant     |       |       |     1 ||     1
Evoke: Wand              |       |       |     1 ||     1
  Use: Scroll            |     2 |     7 |     2 ||    11
       Potion            |     2 |     7 |     4 ||    13
 Stab: Distracted        |     1 |       |       ||     1
  Eat: Chunk             |    17 |       |       ||    17
       Royal jelly       |       |     1 |     2 ||     3
       Fruit             |       |       |     5 ||     5
       Pizza             |       |       |     1 ||     1
